Map: Daybreak LE (Void)

Players

Fropez - Winner!

  • Race: Protoss Protoss
  • League: Gold
  • Spawn Location: 7:00

Kronarc

  • Race: Terran Terran
  • League: Gold
  • Spawn Location: 1:00

VOD

Have the link to the VOD?

Description

Time

  • Played on: Nov. 29, 2016, 4:53 p.m.
  • Length: 23:27
Show
View Real Time Build Order
Export as new Build Order

Fropez Protoss - Winner!

Build Orders: 1 Gate Expand 

Get SALT Encoding   

  12  0:01  Probe (Chrono Boost)  
  13  0:14  Pylon  
  13  0:17  Probe (Chrono Boost)  
  14  0:25  Assimilator  
  14  0:29  Probe (Chrono Boost)  
  15  0:41  Gateway  
  15  0:46  Probe (Chrono Boost)  
  16  0:56  Probe (Chrono Boost)  
  17  1:02  Gateway  
  17  1:07  Probe (Chrono Boost)  
  18  1:12  Assimilator  
  18  1:18  Probe (Chrono Boost)  
  19  1:42  Nexus  
  19  1:57  Probe (Chrono Boost), Cybernetics Core  
  20  2:08  Probe (Chrono Boost)  
  21  2:11  Pylon  
  21  2:18  Probe (Chrono Boost)  
  22  2:29  Probe (Chrono Boost)  
  23  2:35  Pylon  
  23  2:37  Pylon  
  23  2:40  Warp Gate (Chrono Boost), Mothership Core (Chrono Boost)  
  25  2:50  Adept  
  25  2:51  Adept  
  29  2:57  Probe (Chrono Boost)  
  29  2:58  Probe (Chrono Boost)  
  31  3:09  Probe  
  31  3:12  Probe  
  32  3:14  Pylon  
  33  3:21  Adept  
  33  3:24  Adept  
  37  3:40  Probe  
  34  3:54  Stalker x2  
  36  4:11  Probe  
  36  4:14  Probe  
  38  4:19  Pylon  
  38  4:24  Twilight Council, Probe x2  
  42  4:32  Pylon  
  42  4:35  Probe  
  42  4:36  Probe  
  44  4:48  Probe  
  43  4:57  Probe  
  44  5:01  Gateway x2  
  44  5:03  Assimilator  
  44  5:04  Gateway  
  44  5:06  Stalker  
  46  5:09  Sentry  
  48  5:15  Blink (Chrono Boost)  
  48  5:18  Probe x2  
  50  5:30  Probe  
  51  5:37  Stalker x2  
  51  5:39  Probe  
  54  5:56  Probe  
  53  6:06  Robotics Facility  
  53  6:07  Robotics Facility  
  53  6:08  Probe  
  53  6:09  Probe  
  55  6:19  Pylon  
  55  6:20  Sentry x2  
  55  6:22  Stalker  
  55  6:24  Adept  
  56  6:54  Observer (Chrono Boost)  
  56  6:55  Immortal (Chrono Boost)  
  56  7:05  Stalker  
  56  7:06  Pylon, Stalker x2  
  56  7:07  Assimilator  
  56  7:08  Zealot x2  
  62  7:29  Stalker  
  64  7:30  Stalker x3  
  67  7:41  Observer (Chrono Boost)  
  66  7:47  Pylon, Forge  
  66  7:51  Pylon  
  66  7:53  Sentry  
  66  8:20  Probe  
  66  8:21  Probe  
  68  8:29  Warp Prism (Chrono Boost)  
  68  8:32  Immortal  
  72  8:35  Nexus  
  72  8:37  Assimilator  
  72  8:39  Pylon  
  74  8:45  Photon Cannon  
  74  8:46  Probe  
  74  8:47  Probe  
  76  8:48  Photon Cannon  
  76  8:49  Pylon  
  76  8:55  Protoss Ground Weapons Level 1 (Chrono Boost)  
  76  9:02  Probe  
  77  9:33  Pylon  
  77  9:41  Probe x2  
  77  9:49  Pylon  
  77  9:52  Pylon, Stalker x3  
  81  9:53  Stalker x2  
  81  9:56  Pylon  
  87  10:03  Immortal  
  87  10:06  Immortal  
  95  10:28  Probe  
  95  10:30  Probe x2  
  98  10:36  Photon Cannon  
  98  10:38  Photon Cannon  
  98  10:41  Photon Cannon  
  98  10:43  Photon Cannon  
  98  10:47  Photon Cannon  
  98  10:50  Observer  
  98  10:52  Observer  
  100  11:07  Probe  
  100  11:08  Probe x2  
  100  11:11  Stalker x3  
  107  11:13  Assimilator, Stalker x2  
  105  11:48  Mothership Core  
  91  12:02  Stalker x3  
  91  12:03  Stalker x2  
  99  12:13  Observer  
  99  12:24  Probe x2  
  91  12:42  Gateway  
  91  12:43  Gateway  
  91  12:45  Gateway  
  91  12:46  Gateway, Zealot x2  
  91  12:47  Zealot x3  
  91  12:48  Warp Prism  
  91  12:50  Gateway  
  101  12:53  Gateway x2  
  82  13:16  Stalker x3  
  82  13:17  Stalker  
  88  13:37  Nexus  
  88  13:40  Assimilator  
  88  13:42  Protoss Ground Weapons Level 2 (Chrono Boost)  
  88  13:45  Assimilator  
  88  13:49  Pylon  
  88  13:51  Pylon, Templar Archives  
  88  13:55  Pylon  
  88  14:00  Adept x3  
  88  14:01  Adept x2  
  88  14:19  Probe  
  88  14:20  Probe x2  
  91  14:29  Probe  
  92  14:32  Probe, Photon Cannon  
  92  14:35  Photon Cannon  
  92  14:38  Photon Cannon  
  93  14:39  Photon Cannon  
  93  14:43  Photon Cannon  
  93  14:49  Photon Cannon  
  93  14:52  Pylon  
  93  14:54  Photon Cannon  
  93  14:59  High Templar, Photon Cannon  
  95  15:00  High Templar x6  
  95  15:05  Archon  
  95  15:06  Archon x2  
  98  15:15  Stalker x4  
  97  15:35  High Templar x6  
  107  15:41  Archon x3  
  98  15:53  Observer  
  97  16:13  Stalker x4  
  97  16:14  Stalker  
  107  16:20  Gateway  
  107  16:22  Gateway  
  107  16:24  Gateway  
  107  16:47  Stalker x4  
  115  17:07  Nexus  
  115  17:09  Probe, Assimilator  
  115  17:10  Probe x2  
  115  17:12  Assimilator  
  118  17:18  Pylon  
  118  17:21  Stalker  
  119  17:45  High Templar  
  119  17:46  High Templar x4  
  119  17:47  Psionic Storm  
  129  17:53  Protoss Shields Level 1 (Chrono Boost)  
  129  17:54  Observer  
  130  18:10  Archon x2  
  130  18:14  Charge  
  130  18:22  Photon Cannon  
  130  18:25  Photon Cannon  
  130  18:32  High Templar  
  130  18:33  High Templar x4  
  140  18:36  Archon  
  140  18:37  Archon  
  140  18:38  Archon  
  140  18:40  Pylon  
  140  19:06  Gateway  
  140  19:07  Gateway  
  140  19:11  Gateway  
  140  19:16  Probe  
  141  19:20  Probe  
  142  19:25  Assimilator  
  142  19:28  Probe  
  142  19:30  Gateway  
  142  19:31  Gateway  
  143  19:32  Probe  
  144  19:44  Warp Prism, Protoss Ground Weapons Level 3 (Chrono Boost)  
  146  19:45  Observer  
  146  19:50  Pylon  
  147  20:00  Pylon  
  123  20:32  High Templar x7  
  123  20:33  High Templar x2  
  133  20:56  High Templar x2  
  137  21:00  Archon  
  133  21:32  Stalker x6  
  143  21:33  Stalker x5  
  143  21:34  Stalker  
  137  22:08  Zealot x3  
  139  22:09  Zealot x6  
  139  22:10  Zealot x3  
Show
View Real Time Build Order
Export as new Build Order

Kronarc Terran 

Build Orders:  

Get SALT Encoding   

  12  0:08  Supply Depot  
  12  0:19  Refinery  
  12  0:31  Barracks  
  12  0:41  Supply Depot  
  12  0:46  SCV  
  13  0:58  Refinery  
  13  1:06  SCV  
  14  1:24  SCV  
  14  1:25  Barracks Reactor  
  15  1:36  SCV  
  16  1:48  Orbital Command  
  16  2:01  Reaper x2  
  18  2:14  Factory  
  18  2:17  SCV  
  19  2:29  SCV  
  20  2:33  Reaper  
  20  2:34  Reaper  
  22  2:41  Supply Depot  
  22  2:43  SCV  
  23  2:57  Widow Mine  
  25  3:01  SCV  
  25  3:05  Marine x2  
  28  3:20  Factory  
  28  3:25  Marine, Widow Mine  
  31  3:27  Marine  
  30  4:04  Supply Depot  
  30  4:07  Widow Mine  
  30  4:08  Marine x2, Factory Tech Lab  
  34  4:25  Starport  
  34  4:26  Marine x2  
  36  4:32  Supply Depot  
  36  4:33  Siege Tank  
  36  4:35  Widow Mine  
  41  4:43  Marine x2  
  43  4:54  Supply Depot  
  43  5:01  Reaper  
  43  5:02  Engineering Bay, Reaper  
  43  5:04  Widow Mine  
  43  5:05  Siege Tank, Starport Tech Lab  
  50  5:22  Supply Depot  
  50  5:28  Raven  
  50  5:35  Marine x2  
  54  5:37  Widow Mine  
  56  5:58  Liberator  
  56  6:06  Marine x2  
  56  6:07  Siege Tank, Widow Mine  
  66  6:23  Marine  
  66  6:24  Marine  
  68  6:36  Widow Mine  
  44  7:31  Liberator  
  42  7:44  Widow Mine  
  42  7:46  Siege Tank, Marine x2  
  52  8:00  Command Center  
  52  8:04  Marine x2  
  54  8:05  Barracks  
  50  8:13  Widow Mine  
  50  8:18  Terran Infantry Weapons Level 1  
  52  8:22  Reaper x2  
  52  8:25  Siege Tank  
  57  8:41  Widow Mine  
  59  8:53  Medivac  
  59  8:54  Barracks Tech Lab, Reaper x2  
  63  9:12  Orbital Command  
  63  9:15  SCV  
  64  9:22  Supply Depot  
  64  9:25  Combat Shields  
  64  9:26  Marine x2  
  64  9:27  SCV  
  67  9:39  SCV  
  67  9:44  Marine x2, Supply Depot  
  70  9:52  SCV  
  71  10:04  SCV  
  66  10:45  Marine x3  
  66  10:48  Widow Mine  
  74  10:50  Siege Tank, Medivac  
  74  10:54  SCV  
  77  10:57  SCV  
  77  11:03  Marine x3, Liberator  
  81  11:06  SCV  
  82  11:16  Widow Mine  
  82  11:18  SCV  
  85  11:20  Marine  
  85  11:21  Marine x2  
  91  11:30  SCV  
  88  11:38  Marine x2  
  88  11:39  Marine  
  88  11:51  Liberator  
  81  11:56  Marine  
  68  12:02  Marine x2  
  68  12:05  Widow Mine  
  68  12:07  Siege Tank  
  71  12:14  Marine  
  71  12:20  Marine x2  
  74  12:32  Marine  
  74  12:33  Widow Mine  
  76  12:38  Marine x2  
  76  12:39  Command Center  
  78  12:48  Liberator  
  78  12:50  Marine  
  79  12:58  Marine x2  
  78  13:08  Marine, Widow Mine  
  74  13:27  SCV  
  75  13:37  Marine x3  
  75  13:39  SCV  
  79  13:50  Widow Mine  
  79  13:51  SCV  
  79  13:54  Refinery  
  79  13:55  Marine x3  
  85  13:56  Refinery  
  85  13:57  Orbital Command  
  85  14:01  Refinery  
  85  14:03  SCV  
  85  14:12  Marine  
  85  14:13  Marine x2  
  85  14:15  SCV  
  89  14:18  Widow Mine  
  91  14:27  SCV  
  91  14:30  Marine x2  
  94  14:31  Command Center  
  94  15:05  Marine  
  94  15:07  SCV  
  90  15:19  SCV  
  89  15:31  SCV  
  90  15:43  SCV  
  91  15:55  SCV  
  76  16:07  SCV  
  71  16:15  SCV  
  71  16:16  Liberator  
  72  16:19  SCV  
  72  16:20  SCV  
  74  16:27  SCV  
  74  16:31  SCV  
  74  16:32  SCV  
  65  16:36  Widow Mine  
  65  16:37  Marine x2, Reaper, Cyclone  
  65  16:39  SCV  
  69  16:43  SCV  
  69  16:44  SCV  
  66  16:47  Refinery  
  66  16:51  SCV, Refinery  
  66  16:55  Marine x2, SCV  
  66  16:56  SCV  
  66  16:59  Liberator  
  70  17:03  SCV  
  70  17:04  Widow Mine  
  70  17:08  SCV x2  
  74  17:09  Marine  
  74  17:13  Marine x2  
  78  17:18  Engineering Bay  
  81  17:23  Armory  
  81  17:27  Marine  
  82  17:31  Marine x2  
  82  17:38  Stimpack  
  82  17:45  Marine  
  82  17:47  Starport  
  82  17:49  Marine  
  84  17:54  Orbital Command  
  84  18:01  Siege Tank, Widow Mine  
  89  18:21  Terran Infantry Weapons Level 2  
  89  18:24  Marine  
  89  18:25  Marine x2  
  89  18:26  Command Center  
  92  18:28  Starport Tech Lab  
  92  18:29  Medivac  
  92  18:30  Widow Mine  
  92  18:33  Siege Tank  
  99  18:42  Marine x2  
  99  18:43  Marine  
  102  18:50  Refinery  
  102  18:57  Barracks  
  102  19:00  Marine x3  
  105  19:03  Factory Tech Lab  
  105  19:08  Raven  
  107  19:18  Marine x2  
  107  19:21  Liberator  
  109  19:38  Marine  
  113  19:39  Cyclone x2  
  119  19:55  Marine  
  110  20:14  Widow Mine  
  110  20:21  Widow Mine  
  100  20:31  Marine x3  
  100  20:32  Marine  
  104  20:43  Widow Mine  
  104  20:49  Marine x3  
  109  20:50  Command Center  
  109  20:53  Command Center  
  109  21:11  Marine  
  109  21:13  Marine  
  109  21:14  Marine  
  109  21:17  Marine  
  109  21:28  Liberator  
  109  21:29  Liberator  
  109  21:44  Marine x4, SCV  
  109  21:45  Widow Mine  
  109  21:46  Widow Mine  
  80  21:56  SCV  
  76  22:02  Marine x4  
  79  22:09  SCV  
  79  22:11  Liberator  
  79  22:12  Liberator  
  79  22:14  Widow Mine x2  
  84  22:20  Marine x4  
  84  22:21  SCV  
  94  22:33  SCV  
  95  22:37  Marine x2  
  95  22:38  Marine x2  
  95  22:43  Siege Tank, Widow Mine  
  98  22:55  Marine x2  
  40  23:07  Marine x2  
Tags
 
League
GoldGold
Matchup
PvT
Replay Pack
All Mines
Spawn Locations
Cross Positions
Add a new tag
Caveats
  • Supply blocks, unpowered buildings, or Contaminate may cause inaccurate times.
  • Supply counts are checked every 10 seconds.